 Dungeon Crawl Stone Soup version 0.30-a0-782-ge64f9170bb (console) character file.

Game seed: 1004714520966476647

2433 utis the Shooter (level 9, -7/52 HPs)
             Began as a Tengu Wanderer on Feb 26, 2023.
             Mangled by Menkaure (17 damage)
             ... on level 7 of the Dungeon.
             The game lasted 00:35:41 (8620 turns).

utis the Shooter (Tengu Wanderer)                   Turns: 8620, Time: 00:35:42

Health: -7/52      AC: 11    Str: 12    XL:     9   Next: 48%
Magic:  13/13      EV: 15    Int: 19    God:
Gold:   486        SH:  0    Dex: 17    Spells: 6/12 levels left

rFire   . . .      SeeInvis .    a - +11 longbow {drain, rCorr Int+3 Dex+2}
rCold   . . .      Faith    .    (shield currently unavailable)
rNeg    . . .      Spirit   .    t - +3 ring mail
rPois   .          Reflect  .    (helmet restricted)
rElec   .          Harm     .    n - +1 cloak
rCorr   +          Rampage  .    (no gloves)
Will    .....                    (boots unavailable)
Stlth   ++                       (no amulet)
HPRegen 0.28/turn                (no ring)
MPRegen 0.13/turn                (no ring)

@: about to teleport, flying quickly and evasively, quick
A: beak, talons 3, nimble flight
a: no special abilities


You were on level 7 of the Dungeon.
You visited 1 branch of the dungeon, and saw 8 of its levels.
You also visited: Sewer.

You collected 486 gold pieces.

Inventory:

Hand Weapons
 a - the +11 longbow "Oxzy" (weapon) {drain, rCorr Int+3 Dex+2}
   (You acquired it on level 2 of the Dungeon)

   Int:       It affects your intelligence (+3).
   Dex:       It affects your dexterity (+2).
   rCorr:     It protects you from acid and corrosion.
 b - a +2 whip of venom
 c - a +2 trident of venom
 g - a +0 dagger
 s - the +8 long sword "Duimmoat" {freeze, Stlth+}
   (You found it in a sewer)

   Stlth:     It makes you more stealthy.
 v - a +0 vampiric quarterstaff
 A - a +0 hand axe of venom
 G - a +0 whip of electrocution
 H - a +2 long sword of holy wrath
 K - a +1 flail of pain
 L - a +1 whip of venom
Missiles
 f - 9 javelins
 P - a curare-tipped dart {=f}
Armour
 d - a +0 buckler
 n - a +1 cloak (worn)
 p - a +0 scale mail
 t - a +3 ring mail (worn)
 F - a +1 ring mail of fire resistance
Jewellery
 N - a ring of positive energy
Wands
 e - a wand of flame (5)
 m - a wand of iceblast (23)
 B - a wand of charming (7)
Scrolls
 h - 4 scrolls of teleportation {@r4}
 k - 2 scrolls of blinking
 l - 3 scrolls of amnesia
 q - a scroll of noise
 u - 5 scrolls of fear
 x - 2 scrolls of magic mapping
 y - 6 scrolls of identify {@r1}
 I - a scroll of enchant weapon
 J - a scroll of enchant armour
 M - a scroll of torment {!r}
 O - a scroll of silence {unknown}
Potions
 i - 4 potions of mutation {!q}
 j - a potion of curing {@q1}
 o - 6 potions of flight
 r - a potion of resistance
 w - a potion of might
 z - 2 potions of lignification
 C - 2 potions of ambrosia
 D - a potion of heal wounds {@q2}
 E - a potion of cancellation


   Skills:
 - Level 4.3 Fighting
 - Level 6.2 Ranged Weapons
 - Level 3.9 Armour
 - Level 5.6 Dodging
 - Level 3.0 Stealth
 - Level 3.0 Shields
 - Level 2.0 Spellcasting
 + Level 3.2 Conjurations
 - Level 1.7 Ice Magic
 + Level 4.3 Air Magic
 - Level 2.0 Poison Magic
 - Level 5.0 Evocations


You had 6 spell levels left.
You knew the following spells:

 Your Spells              Type           Power      Damage    Failure   Level
o - Portal Projectile     Hex/Tloc       2%         N/A       71%         3
p - Mephitic Cloud        Conj/Pois/Air  14%        N/A       28%         3

Your spell library contained the following spells:

 Spells                   Type           Power      Damage    Failure   Level
 Shock                    Conj/Air       64%        1d7       8%          1
 Freeze                   Ice            32%        1d5       17%         1
 Kiss of Death            Conj/Necr      28%        2d7       19%         1
 Cigotuvi's Dreadful Rot  Necr/Pois/Air  18%        N/A       22%         2
 Vhi's Electric Charge    Tloc/Air       20%        N/A       41%         3
 Frozen Ramparts          Ice            16%        1d3       45%         3
 Stone Arrow              Conj/Erth      14%        3d7       50%         3
 Call Canine Familiar     Summ           1%         N/A       71%         3
 Confusing Touch          Hex            1%         N/A       71%         3
 Arcjolt                  Conj/Air       8%         1d18      91%         5
 Iskenderun's Battlesphe  Conj           14%        2d7       95%         5
 Animate Armour           Summ/Erth      2%         N/A       98%         4
 Dispel Undead            Necr           1%         3d6       98%         4
 Leda's Liquefaction      Hex/Erth       0%         N/A       98%         4
 Fireball                 Conj/Fire      3%         3d4       99%         5
 Conjure Ball Lightning   Conj/Air       8%         3x3d6     100%        6
 Orb of Destruction       Conj           7%         9d6       100%        7
 Lehudib's Crystal Spear  Conj/Erth      3%         10d3      100%        8
 Maxwell's Capacitive Co  Air            9%         ∞         100%        8


Dungeon Overview and Level Annotations

Branches:
Dungeon (8/15)             Temple (0/1) D:7            Lair (0/5) D:8
  Sewer (visited)

Altars:
Ashenzari
Gozag
Qazlal
Trog
Wu Jian
Yredelemnul
The Shining One

Annotations:
D:2 Sigmund
D:7 Menkaure


Innate Abilities, Weirdness & Mutations

You have a beak for a mouth.
You have claws for feet.
Your magical nature lets you fly swiftly and evasively.


Message History

The death yak misses you.
You fly upwards.
Level annotation: Menkaure
There is a stone staircase leading down here.
The death yak snorts and paws the ground.
The death yak snorts and paws the ground.
You shoot an arrow. The arrow barely misses the death yak.
You shoot an arrow.
The arrow hits the death yak but does no damage.
You drain the death yak.
The death yak is lightly wounded.
The death yak closely misses you.
You shoot an arrow. The arrow hits the death yak.
You drain the death yak.
The death yak is lightly wounded.
The death yak gores you but does no damage.
You shoot an arrow. The arrow hits the death yak!
You drain the death yak.
The death yak is moderately wounded.
The death yak gores you. x2
You shoot an arrow. The arrow hits the death yak!
The death yak is heavily wounded.
The death yak gores you!
You shoot an arrow. The arrow hits the death yak!
The death yak is severely wounded.
The death yak barely misses you. The death yak closely misses you.
Menkaure points at you and mumbles some strange words.
Pain shoots through your body! Menkaure hits you.
Menkaure mumbles some strange words.
Menkaure seems to speed up.
There is a stone staircase leading down here.
Menkaure calls on the powers of darkness!
The death yak convulses!
Your body is wracked with pain!
* * * LOW HITPOINT WARNING * * *
Menkaure hums drily.
Menkaure calls on the powers of darkness!
Your body is wracked with pain!
* * * LOW HITPOINT WARNING * * *
As you read the scroll of teleportation {@r4}, it crumbles to dust.
You feel strangely unstable. Menkaure hits you!
You die...

░.░░░░..░░░░░.░.░.░░
░.░ ░.░.░ ░.....░ ░.░
░.░.░ ░.░.░.░ ░>░
░.░.░ ░....[░
░.░░░.░░░░░░░.░░..░
░...░.░.......░░.░░
░.░.░.░.░░░......░
░Y░M░.░.░.░......░
░.░Q░.░.░.░......░
░.░.░.░.░.░......░░░
░...░.░.░........░░.
░░
░░░.░.░.░.░░░...░░░.
.░ ░.░.░.░.░░.....░░.
.░ ░.░.░.░.░░.....░░.
.░
░░░░░░.░.░.░░.....░░.
.░
░......░.░.░░░...░░░.
.░░
░.░░░░░░.░░.░░░.░░░░░


You could see Menkaure (fast).

Vanquished Creatures
  A water moccasin (D:7)
  4 black bears
  An ogre (D:5)
  A phantom (D:6)
  A gnoll sergeant (D:4)
  4 kobold brigands (D:7)
  4 wights (D:7)
  2 hounds
  4 orc priests
  2 gnoll boudas
  6 iguanas
  13 orc wizards
  A hell rat (D:8)
  A sickly merfolk siren (Sewer)
  A malarious merfolk avatar (Sewer)
  8 gnolls
  13 adders
  5 river rats
  A white imp (D:6)
  3 ufetubi
  4 worms
  6 dart slugs
  22 orcs
  13 ball pythons
  9 endoplasms
  5 giant cockroaches
  13 goblins
  9 hobgoblins
  4 jackals
  12 quokkas
  5 bats
  10 frilled lizards
  25 kobolds
  33 rats
246 creatures vanquished.

Notes
Turn   | Place    | Note
-------+----------+-------------------------------------------
     0 | D:1      | utis the Tengu Wanderer began the quest for the Orb.
     0 | D:1      | utis set off with the following items: a +0 dagger, a
                  | scroll of teleportation {@r4}, a +0 robe, a +0 buckler; and
                  | the following spells available to memorise: Freeze, Shock,
                  | Cigotuvi's Dreadful Rot, Frozen Ramparts, Mephitic Cloud.
     0 | D:1      | Reached XP level 1. HP: 12/12 MP: 4/4
     2 | D:1      | Learned a level 1 spell: Shock
   199 | D:1      | Reached XP level 2. HP: 16/16 MP: 6/6
   213 | D:1      | Reached skill level 1 in Conjurations
   347 | D:1      | Found a faded altar of an unknown god.
   583 | D:1      | Reached XP level 3. HP: 20/20 MP: 5/7
   594 | D:1      | Learned a level 3 spell: Mephitic Cloud
  1134 | D:2      | Reached XP level 4. HP: 23/25 MP: 6/8
  1805 | D:2      | Found a glowing golden altar of the Shining One.
  1841 | D:2      | Noticed Sigmund
  2110 | D:2      | Identified a scroll of acquirement
  2111 | D:2      | Acquired the +11 longbow "Oxzy" {drain, rCorr Int+3 Dex+2}
  2403 | D:2      | Gained mutation: Your magical nature lets you fly swiftly
                  | and evasively. [Tengu growth]
  2403 | D:2      | Reached XP level 5. HP: 22/29 MP: 9/9
  2617 | D:3      | Found a bloodstained altar of Trog.
  2835 | D:3      | Reached skill level 1 in Ranged Weapons
  3070 | D:3      | Reached skill level 2 in Ranged Weapons
  3070 | D:3      | Reached XP level 6. HP: 35/35 MP: 10/10
  3253 | D:3      | Learned a level 3 spell: Portal Projectile
  3357 | D:4      | Found an opulent altar of Gozag.
  3434 | D:4      | Noticed a black bear
  3436 | D:4      | Killed a black bear
  3437 | D:4      | Reached skill level 1 in Armour
  3474 | D:4      | Found a stormy altar of Qazlal.
  3510 | D:4      | You are sucked into a shaft and drop 1 floor!
  3510 | D:5      | Entered Level 5 of the Dungeon
  3653 | D:5      | Reached skill level 1 in Stealth
  3783 | D:5      | Reached XP level 7. HP: 40/40 MP: 11/11
  3929 | D:6      | Found a broken altar of Ashenzari.
  3959 | D:6      | Reached skill level 3 in Ranged Weapons
  4183 | D:6      | Reached skill level 4 in Ranged Weapons
  4225 | D:6      | Reached XP level 8. HP: 46/46 MP: 12/12
  4231 | D:6      | Found a glowing drain.
  4250 | Sewer    | Entered a sewer
  4506 | Sewer    | Reached skill level 5 in Dodging
  4558 | Sewer    | Reached skill level 5 in Ranged Weapons
  4605 | Sewer    | Identified the +8 long sword "Duimmoat" {freeze, Stlth+}
  5876 | D:4      | Found a basalt altar of Yredelemnul.
  6041 | D:4      | Found an ornate altar of the Wu Jian Council.
  6550 | D:7      | Reached skill level 6 in Ranged Weapons
  6981 | D:7      | Reached skill level 1 in Evocations
  6984 | D:7      | Reached XP level 9. HP: 26/52 MP: 13/13
  7278 | D:7      | Found a staircase to the Ecumenical Temple.
  7530 | D:7      | Noticed Menkaure
  8205 | D:7      | Reached skill level 5 in Evocations
  8287 | D:7      | Reached skill level 1 in Poison Magic
  8556 | D:8      | Found a staircase to the Lair.
  8556 | D:8      | Noticed a death yak
  8557 | D:8      | Noticed a death yak
  8562 | D:8      | Noticed a death yak
  8620 | D:7      | Mangled by Menkaure

Illustrated notes

Levels and vault maps discovered:
D:1:      dpeg_arrival_rhombus, layout_basic,
          hellmonk_ecumenical_altar_crossroads, kennysheep_pointless_box,
          minmay_unequal
D:2:      minmay_general_purpose_star, layout_basic, basic_altar,
          minmay_divided_ellipse, uniq_sigmund
D:3:      layout_rooms, mainiacjoe_overflow_concentric_impassable
D:4:      layout_basic, lemuel_coloured_pillars_altar,
          mainiacjoe_overflow_catch_the_wave, mainiacjoe_overflow_paths
D:5:      layout_loops_cross, minivault_5, kennysheep_generic_room_14
D:6:      layout_loops_ring, cheibrodos_ashenzari_chains,
          cheibrodos_sewer_entry_drain, serial_glass, glass_columns_b,
          glass_columns_c
D:7:      layout_loops_cross, minmay_temple_entry_drinking_statues,
          serial_co_window_serial, co_window_cross_1, co_window_paths_b,
          co_window_paths_b, co_window_paths_a, co_window_corner_a,
          co_window_cross_2, co_window_unsneaky_path_a, co_window_corner_b,
          co_window_paths_e, co_window_4corner_b, glass_columns_a,
          glass_columns_b, glass_columns_a, glass_columns_b,
          minmay_a_box_with_orc_wizards_in_it, uniq_menkaure
D:8:      layout_basic, mainiacjoe_overflow_chevrons, zin_purify,
          amcnicky_altar_gilded, nicolae_ru_path_of_blood, dpeg_lair_monsters,
          gammafunk_ghost_split, uniq_maggie, uniq_psyche

Skill      XL: |  1  2  3  4  5  6  7  8  9 |
---------------+----------------------------+-----
Conjurations   | 1 2 3 |  3.2
Air Magic      | 3 4 |  4.3
Dodging        | 2 3 4 5 |  5.6
Shields        | 3 |  3.0
Ranged Weapons | 2 4 6 |  6.2
Fighting       | 2 3 4 |  4.3
Armour         | 1 2 3 |  3.9
Stealth        | 2 3 |  3.0
Evocations     | 3 5 |  5.0
Poison Magic   | 2 |  2.0
Spellcasting   | |  2.0
Ice Magic      | |  1.7

Action                     |  1- 3 |  4- 6 |  7- 9 || total
---------------------------+-------+-------+-------++-------
  Melee: Hand axe          |    75 |    44 |       ||   119
         Peck              |    11 |     6 |     5 ||    22
         Kick              |    10 |     8 |     3 ||    21
         Whip              |       |       |    21 ||    21
         Punch             |       |       |     1 ||     1
         Trident           |       |       |     9 ||     9
   Fire: Longbow           |       |    65 |   251 ||   316
   Cast: Shock             |    15 |    25 |       ||    40
    Use: Scroll            |       |    16 |     6 ||    22
         Potion            |       |     1 |     1 ||     2
 Armour: Robe              |     9 |     3 |       ||    12
         Leather armour    |       |    13 |       ||    13
         Scale mail        |       |     1 |    32 ||    33
         Ring mail         |       |       |    35 ||    35
  Dodge: Dodged            |    48 |    44 |    95 ||   187
  Block: Buckler           |       |     3 |       ||     3

Table legend: (Time is in decaauts)
 A = Elapsed time spent in this place.
 B = Non-inter-level travel time spent in this place.
 C = Inter-level travel time spent in this place.
 D = Time resting spent in this place.
 E = Time spent auto-exploring this place.
 F = Levels seen in this place.
 G = Mean time per level.
                   A        B        C        D        E       F      G
               +--------+--------+--------+--------+--------+-----+--------+
         Total |   8409 |   7571 |    838 |   1275 |   4159 |   9 |  934.3 |
       Dungeon |   7952 |   7114 |    838 |   1275 |   3872 |   8 |  994.0 |
         Sewer |    457 |    457 |      0 |      0 |    287 |   1 |  457.0 |
               +--------+--------+--------+--------+--------+-----+--------+

Top non-repeatable levels by time:
     D:7: 1594 daAuts
     D:2: 1518 daAuts
     D:5: 1208 daAuts
     D:1: 1113 daAuts
     D:4: 915 daAuts
     D:6: 863 daAuts
     D:3: 690 daAuts
   Sewer: 457 daAuts
     D:8: 48 daAuts
